 Dungeon Crawl Stone Soup version 0.32-a0-643-ga006e7742e (webtiles) character file.

Game seed: 10011768264343719546

2993 sleeves the Carver (level 9, -3/72 HPs)
             Began as an Armataur Chaos Knight on Mar 7, 2024.
             Was a Plaything of Xom.
             Slain by a sixfirhy (4 damage)
             ... summoned by Xom
             ... in a bailey.
             The game lasted 00:11:40 (7589 turns).

sleeves the Carver (Armataur Chaos Knight)          Turns: 7589, Time: 00:11:40

Health: -3/72      AC:  9    Str: 18    XL:     9   Next: 54%
Magic:  9/9        EV:  8    Int: 13    God:    Xom [......]
Gold:   385        SH:  4    Dex: 13    Spells: 8/8 levels left

rFire   . . .        a - +0 falchion (chaos)
rCold   . . .        y - +0 buckler
rNeg    . . .        b - +2 leather armour
rPois   .            (no helmet)
rElec   +            (no cloak)
rCorr   +            t - +1 pair of gloves of the Solstice {rElec Regen+ rCorr SInv}
SInv    +            (no barding)
Will    .....        (no amulet)
Stlth   +            (no ring)
HPRegen 1.12/turn    (no ring)
MPRegen 0.11/turn

%: roll
@: spiked, attractive
A: large, deformed body, tough skin 3, armoured tail, roll 2
a: Renounce Religion


You were in a bailey.
You worshipped Xom.
You were a very special plaything of Xom.
You visited 1 branch of the dungeon, and saw 8 of its levels.
You also visited: Bailey.

You collected 385 gold pieces.

Inventory:

Hand Weapons
 a - a +0 falchion of chaos (weapon)
 g - a +0 long sword
   (You found it on level 2 of the Dungeon)
Missiles
 w - a curare-tipped dart (quivered)
Armour
 b - a +2 leather armour (worn)
 p - a +2 chain mail of cold resistance
   (You took it off an orc on level 3 of the Dungeon)
 t - the +1 pair of gloves of the Solstice (worn) {rElec Regen+ rCorr SInv}
   (You found it on level 5 of the Dungeon)

   rElec:     It insulates you from electricity.
   SInv:      It lets you see invisible.
   Regen+:    It increases your rate of health regeneration.
   rCorr:     It protects you from acid and corrosion.
 y - a +0 buckler (worn)
   (You found it on level 7 of the Dungeon)
Magical Staves
 n - a staff of air {god gift}
   (Xom gifted it to you on level 2 of the Dungeon)
Wands
 e - a wand of flame (47)
   (You took it off Grinder on level 3 of the Dungeon)
 i - a wand of light (10)
   (You found it on level 2 of the Dungeon)
 u - a wand of charming (9)
   (You found it on level 5 of the Dungeon)
Scrolls
 d - 5 scrolls of teleportation
 f - 4 scrolls of identify
 l - 3 scrolls of immolation {unknown}
 m - a scroll of poison {unknown}
 o - 2 scrolls of enchant armour {unknown}
 q - 3 scrolls of revelation {unknown}
 v - a scroll of amnesia {unknown}
 x - a scroll of fog {unknown}
 z - a scroll of blinking {unknown}
Potions
 h - a potion of invisibility {unknown}
 j - a potion of enlightenment {unknown}
 k - a potion of brilliance {unknown}
 r - a potion of attraction
 s - a potion of mutation {unknown}


   Skills:
 + Level 4.4 Fighting
 + Level 11.3 Long Blades
 + Level 5.2 Armour
 - Level 0.6 Dodging
 + Level 1.4 Shields


You had 8 spell levels left.
You didn't know any spells.
Your spell library contained the following spells:

 Spells                   Type           Power      Damage    Failure   Level
 Sublimation of Blood     Necr           0%         N/A       56%         2
 Dazzling Flash           Conj/Hex       0%         N/A       80%         3
 Hailstorm                Conj/Ice       0%         3d5       80%         3
 Summon Ice Beast         Ice/Summ       0%         N/A       80%         3
 Volatile Blastmotes      Fire/Tloc      0%         2d10      80%         3
 Petrify                  Alch/Erth      0%         N/A       99%         4
 Irradiate                Conj/Alch      0%         3d11      100%        5
 Sculpt Simulacrum        Ice/Alch       0%         N/A       100%        6
 Starburst                Conj/Fire      0%         6d3       100%        6
 Maxwell's Capacitive Co  Air            0%         ∞         100%        8


Dungeon Overview and Level Annotations

Branches:
Dungeon (8/15)             Temple (0/1) D:6          Bailey (1/1)
   Lair: D:8-11

Altars:
Sif Muna
Wu Jian
Xom
The Shining One

Annotations:
D:3 1 runed translucent door, Crazy Yiuf
D:4 2 runed translucent doors, Juicyj's ghost, amateur DsSh
D:6 1 runed translucent door, gosagan's ghost, novice DEAl


Innate Abilities, Weirdness & Mutations

Armour fits poorly on your strangely shaped body.
You have extremely tough skin. (AC +3)
You have a long armoured tail.
You regenerate magic and health when rolling toward enemies. (Rampage Regen)


Message History

A bullfrog is nearby!
You roll towards the bullfrog!
A kobold brigand comes into view.
It is wielding a +0 dagger and quivering curare-tipped darts.
You barely miss the bullfrog. The bullfrog hits you.
You closely miss the bullfrog. The bullfrog hits you.
You barely miss the bullfrog. The bullfrog hits you.
You hit the bullfrog.
The bullfrog seems to slow down.
You freeze the bullfrog.
The bullfrog is lightly wounded.
You closely miss the bullfrog.
Your tail-slap misses the bullfrog.
The bullfrog is lightly wounded.
A kobold comes into view. It is wielding a +0 dagger.
The bullfrog completely misses you.
The kobold shouts!
You slash the bullfrog! You burn the bullfrog.
The bullfrog is severely wounded.
The bullfrog barely misses you.
You closely miss the bullfrog. You tail-slap the bullfrog.
The bullfrog is almost dead.
A kobold comes into view. It is wielding a +0 short sword.
The bullfrog hits you.
You closely miss the bullfrog.
The kobold shouts!
Your tail-slap misses the bullfrog.
The bullfrog is almost dead.
You closely miss the bullfrog.
The bullfrog is almost dead.
The bullfrog is no longer moving slowly.
The bullfrog releases a deep croak.
The bullfrog hits you.
You hit the bullfrog. You burn the bullfrog.
You kill the bullfrog!
The kobold brigand closely misses you.
You closely miss the kobold brigand. The kobold brigand barely misses you.
You closely miss the kobold brigand.
The kobold brigand hits you but does no damage.
You barely miss the kobold brigand.
Your tail-slap misses the kobold brigand.
You miss the kobold brigand. You tail-slap the kobold brigand.
The kobold brigand is lightly wounded.
The kobold brigand closely misses you. The kobold hits you but does no damage.
You barely miss the kobold brigand. You tail-slap the kobold brigand!
The kobold brigand is moderately wounded.
The kobold closely misses you.
You barely miss the kobold brigand.
The kobold brigand is moderately wounded.
The kobold barely misses you.
The kobold brigand hits you with a +0 dagger.
The kobold hits you but does no damage.
You hit the kobold brigand.
The kobold brigand seems to speed up.
The kobold brigand is heavily wounded.
The kobold brigand hits you with a +0 dagger.
You completely miss the kobold brigand.
The kobold brigand is heavily wounded.
The kobold hits you with a +0 dagger. The kobold hits you but does no damage.
The kobold brigand hits you with a +0 dagger.
You hit the kobold brigand.
The kobold brigand is severely wounded.
The kobold brigand hits you with a +0 dagger.
The kobold closely misses you. x2
You closely miss the kobold brigand.
The kobold brigand is severely wounded.
The kobold brigand hits you but does no damage.
The kobold hits you with a +0 short sword.
The kobold hits you but does no damage.
You barely miss the kobold brigand. You tail-slap the kobold brigand!
You kill the kobold brigand!
You hit the kobold.
You kill the kobold!
The kobold hits you but does no damage.
You hit the kobold.
The kobold is duplicated!
The kobold is moderately wounded.
The kobold hits you but does no damage. The kobold barely misses you.
You hit the kobold.
You kill the kobold!
That felt strangely unrewarding.
The kobold barely misses you.
You closely miss the kobold.
Your tail-slap misses the kobold.
The kobold hits you with a +0 dagger.
You hit the kobold.
You kill the kobold!
No target in view!
No target in view!
No target in view!
No target in view!
HP restored.
Things that are here:
a +0 dagger; a curare-tipped dart; a kobold corpse
Found a mace.
A jelly comes into view.
Xom's power almost touches on you for a moment.
Your clear potion falls out of your pack, then immediately jumps back in!
The jelly quivers.
There is a stone staircase leading up here.
There is a stone staircase leading up here.
There is a stone staircase leading up here.
You roll towards the jelly!
You hit the jelly but do no damage.
The jelly seems to grow stronger.
Your hands burn!
You tail-slap the jelly!
The jelly is heavily wounded.
The jelly hits you.
You are splashed with acid.
You resist.
You hit the jelly but do no damage. The acid corrodes you!
Your hands burn!
The jelly is heavily wounded.
The jelly closely misses you.
You hit the jelly. You freeze the jelly.
Your hands burn!
You tail-slap the jelly.
You kill the jelly!
Your Fighting skill increases to level 3!
Your Armour skill increases to level 3!
Things that are here:
a +0 dagger; a curare-tipped dart; a kobold corpse
w - a curare-tipped dart
There is a stone staircase leading up here.
You are no longer corroded.
q - 3 scrolls labelled WELUATZ UTECW (gained 2)
A hound comes into view.
A hound is nearby!
A hound is nearby!
A hound is nearby!
The hound barks!
The hound bites you but does no damage. x2
You hit the hound.
The hound seems to slow down.
Your tail-slap misses the hound.
The hound is moderately wounded.
You closely miss the hound.
The hound is moderately wounded.
The hound closely misses you.
You closely miss the hound.
The hound is moderately wounded.
The hound barely misses you.
You hit the hound but do no damage. Lightning courses through the hound!
You kill the hound!
You have reached level 9!
Your experience leads to an increase in your attributes!
Increase (S)trength, (I)ntelligence, or (D)exterity?
You feel agile. x2
Found 3 stones.
A hornet comes into view.
A hornet is nearby!
A hornet is nearby!
The hornet buzzes angrily.
You roll towards the hornet!
You barely miss the hornet. The hornet closely misses you.
You closely miss the hornet.
The hornet stings you but does no damage.
You hit the hornet but do no damage. The hornet stings you.
You feel yourself slow down. The hornet stings you!
You feel as though you will be slow longer.
You hit the hornet. You freeze the hornet.
The hornet is lightly wounded.
The hornet stings you but does no damage.
You hit the hornet but do no damage.
The hornet is lightly wounded.
The hornet stings you but does no damage.
The hornet stings you!
You are poisoned.
You feel as though you will be slow longer.
You hit the hornet. Lightning courses through the hornet!!
The hornet is severely wounded.
You feel sick. The hornet closely misses you.
You closely miss the hornet.
The hornet is severely wounded.
You feel sick. The hornet stings you.
You are more poisoned.
You feel as though you will be slow longer.
The hornet stings you.
You feel as though you will be slow longer.
You are too injured to fight recklessly!
You are too injured to fight recklessly!
You hit the hornet but do no damage.
The hornet is severely wounded.
You feel very sick. The hornet stings you.
* * * LOW HITPOINT WARNING * * *
You feel as though you will be slow longer.
The hornet stings you!
* * * LOW HITPOINT WARNING * * *
You feel as though you will be slow longer.
You turn into a tree.
The +1 pair of gloves of the Solstice {rElec Regen+ rCorr SInv} melds into your body.
Your +2 leather armour melds into your body.
Your roots penetrate the ground.
You feel very sick.
The hornet stings you but does no damage. x2
You hit the hornet.
The hornet is poisoned.
The hornet is almost dead.
You feel very sick.
The hornet stings you but does no damage.
The hornet stings you.
* * * LOW HITPOINT WARNING * * *
You feel as though you will be slow longer.
You closely miss the hornet.
The hornet is almost dead.
You feel sick. The hornet barely misses you.
You closely miss the hornet.
The hornet is almost dead.
You feel sick.
You kill the hornet!
Your Long Blades skill increases to level 11!
You start resting.
You feel sick. x2
You feel yourself speed up.
You feel sick.
You are no longer poisoned.
You start resting.
Your transformation is almost over.
You feel less wooden.
The +1 pair of gloves of the Solstice {rElec Regen+ rCorr SInv} unmelds from your body.
Your +2 leather armour unmelds from your body.
You start resting.
HP restored.
You see here a hornet corpse.
A sky beast comes into view.
A sky beast is nearby!
A sky beast is nearby!
You completely miss the sky beast. You tail-slap the sky beast!
The sky beast is moderately wounded.
Xom grants you a minor favour.
You feel very mighty all of a sudden.
You slash the sky beast!
The acid corrodes the sky beast!
The sky beast is severely wounded.
The sky beast closely misses you.
You slash the sky beast!
You kill the sky beast!
No target in view!
No target in view!
You now have 337 gold pieces (gained 16). 2 howler monkeys come into view.
There are monsters nearby!
There are monsters nearby!
The howler monkey closely misses you.
You closely miss the howler monkey. You tail-slap the howler monkey!
The howler monkey is moderately wounded.
The howler monkey howls!
The howler monkey closely misses you.
You slash the howler monkey!
The howler monkey is almost dead.
The howler monkey hoots and howls with incredible vigour!
You hear a shout!
You slash the howler monkey!
You kill the howler monkey!
You roll towards the howler monkey!
You barely miss the howler monkey. You tail-slap the howler monkey!
The howler monkey is severely wounded.
The howler monkey hits you but does no damage.
You slash the howler monkey!
You kill the howler monkey!
Your Armour skill increases to level 4!
No target in view!
No target in view!
No target in view!
No target in view!
No target in view!
No target in view!
No target in view!
Found a mace.
A white imp comes into view.
A white imp is nearby!
A white imp is nearby!
Found a hand axe.
Found a stone staircase leading up.
The white imp gestures at you. The puff of frost hits you.
You roll towards the white imp!
Found a scroll labelled EQYOCZOTOU.
You hit the white imp.
The white imp is heavily wounded.
A jelly comes into view.
The white imp closely misses you.
You hit the white imp.
The white imp's magic leaks into the air.
The white imp is heavily wounded.
You hit the white imp.
The white imp convulses.
You tail-slap the white imp.
You kill the white imp!
Xom's attention almost turns to you for a moment.
You do an impromptu tapdance.
You slash the jelly! You freeze the jelly.
You kill the jelly!
No target in view!
No target in view!
You feel a little less mighty now.
d - 5 scrolls labelled EQYOCZOTOU (gained 1)
Found a stone staircase leading down.
Found an escape hatch in the ceiling.
A gnoll comes into view. It is wielding a +0 flail.
The gnoll shouts!
You hear a shout!
A gnoll comes into view. It is wielding a +0 whip.
The gnoll moves out of view.
A gnoll is nearby!
You roll towards the gnoll!
You hit the gnoll but do no damage. You hit the gnoll.
The gnoll blinks!
A gnoll comes into view. It is wielding a +0 whip.
You slash the gnoll! You burn the gnoll.
The gnoll is almost dead.
The gnoll hits you but does no damage.
You closely miss the gnoll.
The gnoll is almost dead.
The gnoll completely misses you.
You hit the gnoll.
You kill the gnoll!
You roll towards the gnoll!
Found a sapphire potion.
You barely miss the gnoll.
The gnoll is lightly wounded.
You hit the gnoll.
The gnoll is heavily wounded.
The gnoll hits you with a +0 flail.
You hit the gnoll.
The gnoll is severely wounded.
The gnoll hits you but does no damage.
You hit the gnoll. You freeze the gnoll.
You kill the gnoll!
The gnoll completely misses you.
A gnoll bouda comes into view. It is wielding a +0 club.
The gnoll bouda shouts!
You slash the gnoll! You burn the gnoll.
The gnoll is almost dead.
You hear a bark!
You hit the gnoll. You burn the gnoll.
You kill the gnoll!
The gnoll bouda hits you but does no damage.
Things that are here:
a +0 whip; a +0 whip You hit the gnoll bouda but do no damage.
You drain the gnoll bouda.
The gnoll bouda is lightly wounded.
The gnoll bouda hits you with a +0 club.
You hit the gnoll bouda but do no damage.
The gnoll bouda is lightly wounded.
You hit the gnoll bouda but do no damage.
The gnoll bouda is lightly wounded.
The gnoll bouda hits you with a +0 club.
You barely miss the gnoll bouda. You tail-slap the gnoll bouda.
The gnoll bouda is heavily wounded.
The gnoll bouda hits you but does no damage.
You hit the gnoll bouda. You burn the gnoll bouda.
You tail-slap the gnoll bouda!
The gnoll bouda is almost dead.
The gnoll bouda prays to its god.
The gnoll bouda is healed somewhat.
You barely miss the gnoll bouda.
The gnoll bouda is severely wounded.
You barely miss the gnoll bouda.
You tail-slap the gnoll bouda, but do no damage.
The gnoll bouda is severely wounded.
The gnoll bouda barely misses you.
You hit the gnoll bouda. You burn the gnoll bouda.
The gnoll bouda is severely wounded.
The gnoll bouda gazes fiercely through you!
You feel your attacks grow feeble.
The gnoll bouda hits you with a +0 club.
You hear a bark!
You hit the gnoll bouda but do no damage.
The gnoll bouda is severely wounded.
The gnoll bouda hits you with a +0 club.
You hit the gnoll bouda but do no damage.
The gnoll bouda seems to grow stronger.
The gnoll bouda is severely wounded.
You hit the gnoll bouda but do no damage.
The gnoll bouda suddenly stops moving!
You tail-slap the gnoll bouda.
You kill the gnoll bouda!
No target in view!
No target in view!
No target in view!
Key pressed, stopping explore.
Your attacks no longer feel as feeble.
Xom's power almost touches on you for a moment.
Your eyebrows wriggle.
A hound comes into view.
A hound is nearby!
Found an escape hatch in the floor.
The hound barks!
The hound bites you. The hound barely misses you.
Things that are here:
a +0 club; a +0 leather armour; a gnoll corpse You barely miss the hound.
You tail-slap the hound.
The hound is lightly wounded.
The hound closely misses you.
You hit the hound. Lightning courses through the hound!
You kill the hound!
No target in view!
h - a sapphire potion
There is an escape hatch in the floor here.
There is an escape hatch in the floor here.
Found a halberd.
You now have 350 gold pieces (gained 13).
Found a stone staircase leading down.
x - a scroll labelled LESAIF PARU
Found a mace.
You see here a +0 mace.
There is a stone staircase leading up here.
Prince Ribbit comes into view.
Prince Ribbit croaks.
Prince Ribbit is nearby!
Prince Ribbit is nearby!
Prince Ribbit is nearby!
Prince Ribbit blinks!
You roll towards Prince Ribbit!
You closely miss Prince Ribbit.
Your tail-slap misses Prince Ribbit.
Prince Ribbit catches a blue-tailed skink with his tongue.
Prince Ribbit hits you.
You hit Prince Ribbit. You burn Prince Ribbit.
Prince Ribbit is lightly wounded.
Prince Ribbit hits you!
Throw: dart (curare)
Press: ? - help, Q - select action, (/) - cycle Shift-Dir - straight line, f - Prince Ribbit
Aim: Prince Ribbit (lightly wounded, 28% to hit)
You throw a curare-tipped dart.
The curare-tipped dart hits Prince Ribbit.
Prince Ribbit is poisoned.
Prince Ribbit struggles to breathe.
Prince Ribbit seems to slow down.
Prince Ribbit is moderately wounded.
Prince Ribbit hits you.
You hit Prince Ribbit.
Prince Ribbit seems to slow down.
Prince Ribbit is moderately wounded.
Prince Ribbit hits you.
You slash Prince Ribbit!
Prince Ribbit seems to slow down.
You freeze Prince Ribbit. You tail-slap Prince Ribbit.
Prince Ribbit is almost dead.
You completely miss Prince Ribbit.
Prince Ribbit is almost dead.
Prince Ribbit completely misses you.
You slash Prince Ribbit!
You kill Prince Ribbit!
Prince Ribbit returns to his original shape as he dies.
Your Fighting skill increases to level 4!
w - a curare-tipped dart You see here the human corpse of Prince Ribbit.
You see here a howler monkey skeleton.
Found a stone staircase leading up.
There is a stone staircase leading up here. 2 gnolls come into view.
Found a stone staircase leading down.
The gnoll shouts! x2
A gnoll bouda comes into view. It is wielding a +0 club.
A gnoll comes into view. It is wielding a +0 club. x2
The gnoll moves out of view.
There are monsters nearby!
There are monsters nearby!
The gnoll shouts!
The gnoll bouda barks out a call to the hunt!
The gnolls pick up the pace!
The gnoll hits you from afar with a +0 spear.
The gnoll hits you with a +0 spear.
You slash the gnoll!
The gnoll is poisoned.
The gnoll is severely wounded.
You hit the gnoll. You freeze the gnoll.
You kill the gnoll!
You barely miss the gnoll. The gnoll hits you with a +0 club.
You hit the gnoll.
You feel better.
You tail-slap the gnoll.
The gnoll is moderately wounded.
The gnoll closely misses you.
You barely miss the gnoll.
The gnoll is moderately wounded.
You barely miss the gnoll.
The gnoll is moderately wounded.
The gnoll barely misses you.
You closely miss the gnoll.
The gnoll is moderately wounded.
The gnoll hits you with a +0 club.
You hit the gnoll. You freeze the gnoll.
The gnoll is almost dead.
The gnoll hits you but does no damage.
You hit the gnoll.
You feel better.
The gnoll is almost dead.
You hit the gnoll.
You kill the gnoll!
You completely miss the gnoll.
Your tail-slap misses the gnoll.
The gnoll hits you with a +0 club.
You hit the gnoll.
The gnoll suddenly seems more resistant.
The gnoll is moderately wounded.
The gnoll hits you but does no damage.
You hit the gnoll but do no damage.
The gnoll is moderately wounded.
The gnoll hits you but does no damage.
You hit the gnoll.
The gnoll looks weaker.
You tail-slap the gnoll.
You kill the gnoll!
You barely miss the gnoll.
The gnoll is no longer moving quickly.
The gnoll hits you with a +0 whip.
You barely miss the gnoll. You tail-slap the gnoll.
The gnoll is moderately wounded.
You slash the gnoll!
The gnoll is poisoned.
The gnoll is almost dead.
The gnoll hits you with a +0 whip.
You completely miss the gnoll.
Your tail-slap misses the gnoll.
The gnoll is almost dead.
The gnoll hits you but does no damage.
You hit the gnoll.
You kill the gnoll!
You barely miss the gnoll bouda. You tail-slap the gnoll bouda.
The gnoll bouda is moderately wounded.
The gnoll bouda closely misses you.
You closely miss the gnoll bouda.
The gnoll bouda is moderately wounded.
The gnoll bouda barely misses you.
You closely miss the gnoll bouda.
The gnoll bouda is moderately wounded.
You hit the gnoll bouda but do no damage.
The gnoll bouda seems to speed up.
Your tail-slap misses the gnoll bouda.
The gnoll bouda is moderately wounded.
The gnoll bouda hits you with a +0 club.
The gnoll bouda barely misses you.
You hit the gnoll bouda but do no damage.
The gnoll bouda is moderately wounded.
The gnoll bouda hits you with a +0 club.
You hit the gnoll bouda but do no damage.
You tail-slap the gnoll bouda.
The gnoll bouda is moderately wounded.
The gnoll bouda hits you but does no damage.
You slash the gnoll bouda!
The gnoll bouda suddenly seems more resistant.
Xom thinks this is hilarious!
Your tail-slap misses the gnoll bouda.
The gnoll bouda is severely wounded.
The gnoll bouda hits you with a +0 club.
You barely miss the gnoll bouda.
The gnoll bouda is severely wounded.
The gnoll bouda closely misses you.
You hit the gnoll bouda. You freeze the gnoll bouda.
The gnoll bouda is almost dead.
The gnoll bouda gazes fiercely through you!
You feel your attacks grow feeble.
The gnoll bouda hits you with a +0 club.
You hit the gnoll bouda but do no damage.
The gnoll bouda is almost dead.
The gnoll bouda hits you with a +0 club.
You closely miss the gnoll bouda.
The gnoll bouda is almost dead.
The gnoll bouda gazes fiercely through you!
You feel as though you will be weak longer.
The gnoll bouda hits you with a +0 club!
The gnoll bouda barely misses you.
You barely miss the gnoll bouda.
You tail-slap the gnoll bouda, but do no damage.
The gnoll bouda is almost dead.
The gnoll bouda utters an invocation to its god.
The gnoll bouda is healed somewhat.
You closely miss the gnoll bouda.
You tail-slap the gnoll bouda, but do no damage.
The gnoll bouda is severely wounded.
The gnoll bouda hits you with a +0 club.
You hit the gnoll bouda.
The gnoll bouda is almost dead.
The gnoll bouda closely misses you.
You barely miss the gnoll bouda.
The gnoll bouda is almost dead.
The gnoll bouda closely misses you.
You hit the gnoll bouda.
You kill the gnoll bouda!
Items here: ))))) [ †††.
Okay, then.
Your attacks no longer feel as feeble.
Found a buckler. "See what I see, my child!"
You detect items!
Found 6 stones.
Done exploring.
Search for what [Enter for "long", or ? for help]? shi You see here a +0 buckler.
y - a +0 buckler You start putting on your armour.
You continue putting on your +0 buckler. x4
You finish putting on your +0 buckler.
Done exploring.
Done exploring.
Done exploring.
Done exploring.
There is a stone staircase leading down here.
You climb downwards.
You hear the roar of battle.
There is an entrance to a bailey on this level.
Hurry and find it before the portal closes forever!
Xom does a drum roll.
You hear a shout! x5; You hear a bellow! x2; You hear a shout! x3
You hear a bellow! x2; You hear a shout! x3; You hear a bellow!
You hear a shout! x3
Found a book of Armaments and 17 gold pieces.
There is a stone staircase leading up here.
You climb upwards.
There is a stone staircase leading down here.
Unknown command.
Unknown command.
Unknown command.
Unknown command.
You see here a +0 halberd.
There is a stone staircase leading down here.
You climb downwards.
You hear the roar of battle.
There is an entrance to a bailey on this level.
Hurry and find it before the portal closes forever!
There is a stone staircase leading up here.
You hear the faint creaking of a very distant portcullis.
A shadow imp comes into view.
The shadow imp shouts, "Scamper home, thou paunchy beef-witted giglet!"
You roll towards the shadow imp!
You hit the shadow imp but do no damage.
The shadow imp hits you but does no damage.
You barely miss the shadow imp. The shadow imp hits you.
You closely miss the shadow imp. You tail-slap the shadow imp.
The shadow imp is moderately wounded.
The shadow imp hits you but does no damage.
You hit the shadow imp but do no damage.
Lightning courses through the shadow imp!
You kill the shadow imp!
No target in view!
No target in view!
You open the door.
There is an open door here.
Found a stone staircase leading up.
You open the door.
There is an open door here.
Found an escape hatch in the floor.
You hear the faint creaking of a very distant portcullis.
Found a stone staircase leading down.
There is a stone staircase leading down here.
Found a blade talisman.
You open the door.
There is an open door here.
You open the door.
There is an open door here.
A kobold brigand comes into view.
It is wielding a +0 dagger and quivering poisoned darts.
The kobold brigand shouts!
A kobold comes into view. It is wielding a +0 dagger.
You roll towards the kobold brigand!
A kobold comes into view. It is wielding a +0 short sword.
The kobold shouts! x2
You roll towards the kobold brigand!
You miss the kobold brigand. The kobold hits you but does no damage.
The kobold brigand hits you with a +0 dagger.
You barely miss the kobold brigand.
The kobold brigand hits you but does no damage.
The kobold closely misses you. The kobold completely misses you.
You hit the kobold brigand. You burn the kobold brigand.
The kobold brigand is lightly wounded.
The kobold brigand hits you but does no damage.
You block the kobold's attack. The kobold hits you but does no damage.
You closely miss the kobold brigand.
Your tail-slap misses the kobold brigand.
The kobold brigand is lightly wounded.
You barely miss the kobold brigand. You tail-slap the kobold brigand!
The kobold brigand is heavily wounded.
The kobold hits you but does no damage. x2
You block the kobold brigand's attack.
You hit the kobold brigand. You freeze the kobold brigand.
The kobold brigand is severely wounded.
The kobold brigand hits you but does no damage.
The kobold hits you but does no damage. The kobold barely misses you.
You hit the kobold brigand. You freeze the kobold brigand.
You tail-slap the kobold brigand.
You kill the kobold brigand!
You block the kobold's attack.
The kobold hits you with a +0 short sword.
You closely miss the kobold.
Your tail-slap misses the kobold.
You slash the kobold! You burn the kobold.
You kill the kobold!
The kobold hits you but does no damage.
You hit the kobold but do no damage. The kobold closely misses you.
You hit the kobold. You freeze the kobold.
You kill the kobold!
No target in view!
No target in view!
No target in view!
No target in view!
No target in view!
No target in view!
No target in view!
No target in view!
No target in view!
No target in view!
No target in view!
You hear the faint creaking of a very distant portcullis.
There is an open door here.
You open the door. 2 orcs come into view.
The orc shouts!
There is an open door here.
An orc comes into view. It is wielding a +0 dagger.
A white imp comes into view.
You roll towards the orc!
The white imp shouts, "Slither hence, thou lumpish fool-headed gnoll-tail!"
You hear a shout! x3
The orc barely misses you.
You hear a bellow! x2
You hit the orc.
The orc is heavily wounded.
You hit the orc but do no damage.
The orc seems to slow down.
The orc is heavily wounded.
The orc hits you but does no damage.
You closely miss the orc.
The orc is heavily wounded.
You block the orc's attack. The orc completely misses you.
You closely miss the orc.
The orc is heavily wounded.
The orc hits you with a +0 dagger. The orc hits you but does no damage.
You hit the orc. You freeze the orc.
You kill the orc!
The orc hits you but does no damage. x2
You hit the orc.
You kill the orc!
The orc barely misses you.
You hit the white imp but do no damage.
Your tail-slap misses the white imp.
You barely miss the white imp. You tail-slap the white imp!
The white imp is severely wounded.
The white imp gestures at you. The puff of frost hits you!
The orc hits you but does no damage.
You closely miss the white imp.
The white imp is severely wounded.
The white imp barely misses you. The orc barely misses you.
You slash the white imp!
You kill the white imp!
The orc hits you with a +0 short sword.
You hit the orc.
The orc seems to speed up.
The orc is severely wounded.
The orc hits you with a +0 short sword.
You closely miss the orc.
The orc is severely wounded.
The orc hits you but does no damage.
You hit the orc. You freeze the orc.
You kill the orc!
No target in view!
No target in view!
An orc comes into view. It is wielding a +0 short sword.
The orc shouts!
You hear a bellow!
A yak comes into view.
Things that are here:
a +0 dagger; an orc corpse
There is an open door here.
An orc is nearby!
You roll towards the orc!
You roll towards the orc!
You block the orc's attack.
You barely miss the orc. You block the orc's attack.
You hit the orc but do no damage. The orc barely misses you.
You slash the orc! You burn the orc.
You kill the orc!
No target in view!
No target in view!
You hear the faint creaking of a distant portcullis.
There is an open door here.
You open the door.
There is an open door here.
You open the door.
There is an open door here. "Let's go for a ride!"
Your surroundings suddenly seem different.
You are now a very special plaything of Xom.
Unknown command.
Unknown command.
Unknown command.
Unknown command.
Unknown command.
Unknown command.
Unknown command.
Unknown command.
Unknown command.
Unknown command.
Unknown command.
Unknown command.
Unknown command.
You hear the faint creaking of a portcullis nearby.
An orc priest comes into view. It is wielding a +0 dagger.
The orc priest shouts!
You hear a shout! x3
An orc comes into view. It is wielding a +0 club.
The orc priest moves out of view.
You roll towards the orc!
You closely miss the orc.
Your tail-slap misses the orc.
You barely miss the orc.
An orc comes into view. It is wielding a +0 whip.
The orc hits you but does no damage.
You closely miss the orc priest. You completely miss the orc priest.
The orc closely misses you.
The orc priest hits you with a +0 dagger.
You barely miss the orc priest. The orc hits you but does no damage.
You hit the orc priest but do no damage.
The orc priest is moving more slowly.
You tail-slap the orc priest.
The orc priest is moderately wounded.
The orc priest barely misses you. You block the orc's attack.
The orc hits you but does no damage.
You catch the helpless orc priest completely off-guard!
You slash the orc priest!
Lightning courses through the orc priest!
You tail-slap the orc priest.
You kill the orc priest!
The orc barely misses you. The orc hits you but does no damage.
You slash the orc!
You kill the orc!
The orc hits you but does no damage.
You hit the orc but do no damage.
The orc is caught in a web!
You hit the orc.
You tail-slap the orc, but do no damage.
The orc is almost dead.
The orc struggles to get unstuck from the web.
You hit the orc.
You kill the orc!
No target in view!
No target in view!
No target in view!
No target in view!
No target in view!
No target in view!
Things that are here:
a +0 whip; a +0 chain mail; an orc corpse An orc wizard comes into view.
It is wielding a +0 dagger.
Found a scroll labelled SUWKOGINIMU.
The orc wizard closely misses you.
You barely miss the orc wizard.
The orc wizard hits you but does no damage.
You closely miss the orc wizard. The orc wizard barely misses you.
You hit the orc wizard. You burn the orc wizard.
The orc wizard is moderately wounded.
You hit the orc wizard but do no damage.
The orc wizard seems to slow down.
The orc wizard is moderately wounded.
You block the orc wizard's attack.
You hit the orc wizard. You freeze the orc wizard.
The orc wizard is moderately wounded.
You closely miss the orc wizard.
Your tail-slap misses the orc wizard.
The orc wizard is moderately wounded.
The orc wizard closely misses you.
You closely miss the orc wizard.
The orc wizard is moderately wounded.
You barely miss the orc wizard.
The orc wizard is moderately wounded.
The orc wizard hits you but does no damage.
You hit the orc wizard. You freeze the orc wizard.
Your tail-slap misses the orc wizard.
The orc wizard is almost dead.
You hit the orc wizard but do no damage.
The orc wizard is poisoned.
The orc wizard is almost dead.
You barely miss the orc wizard. You tail-slap the orc wizard.
You kill the orc wizard!
Your Armour skill increases to level 5!
No target in view!
No target in view!
No target in view!
No target in view!
No target in view!
No target in view!
No target in view!
No target in view!
No target in view!
No target in view!
No target in view!
No target in view!
No target in view!
You now have 385 gold pieces (gained 35).
Things that are here:
a +0 dagger; a +0 robe You hear the creaking of a distant portcullis.
Found a stone staircase leading down.
There is an open door here.
z - a scroll labelled SUWKOGINIMU You hear the creaking of a distant portcullis.
Things that are here:
a +0 club; an orc corpse You open the door.
Found a flagged portal and an escape hatch in the floor.
There is an open door here.
Found 6 stones.
A goblin comes into view.
The goblin shouts!
You roll towards the goblin!
The goblin hits you.
You hit the goblin.
You kill the goblin!
No target in view!
You enter the shallow water.
There is an escape hatch in the floor here.
There is a flagged portal here.
There is a flagged portal here.
The world spins around you as you enter the gateway.
You enter a bailey!
Found a gate leading back out of this place.
There is an empty arch of ancient stone here.
You open the door.
A human and a hobgoblin come into view.
There are monsters nearby!
There are monsters nearby!
You roll towards the human!
You hit the human.
The human is poisoned.
The human is lightly wounded.
The hobgoblin shouts!
You hit the human but do no damage. You tail-slap the human!
The human is heavily wounded.
You block the human's attack.
You closely miss the human.
The human is heavily wounded.
The human hits you with a +0 war axe!
You hit the human.
You feel better.
You tail-slap the human!
The human is almost dead.
The human closely misses you.
You hit the human but do no damage. You tail-slap the human.
You kill the human!
Your Shields skill increases to level 1!
You roll towards the hobgoblin!
You completely miss the hobgoblin.
The hobgoblin hits you with a +0 hand axe.
You closely miss the hobgoblin. You block the hobgoblin's attack.
You hit the hobgoblin. You freeze the hobgoblin.
You kill the hobgoblin!
The dead are walking!
No target in view!
No target in view!
HP restored.
Things that are here:
a +0 hand axe; a +0 leather armour A human comes into view.
It is wielding a +0 war axe.
The human shouts!
A human is nearby!
You roll towards the human!
You closely miss the human. The human closely misses you.
You hit the human. You tail-slap the human.
The human is lightly wounded.
You hit the human but do no damage.
Your tail-slap misses the human.
The human is lightly wounded.
The human hits you with a +0 war axe.
You barely miss the human.
You tail-slap the human, but do no damage.
The human is lightly wounded.
The human barely misses you.
The human hits your hobgoblin zombie with a +0 war axe.
Your hobgoblin zombie closely misses the human.
You miss the human.
The human is lightly wounded.
The human hits you with a +0 war axe.
The human hits your hobgoblin zombie with a +0 war axe!
Your hobgoblin zombie is destroyed!
You hit the human but do no damage.
The human is poisoned.
You tail-slap the human.
The human is moderately wounded.
The human hits you with a +0 war axe.
You barely miss the human.
The human is moderately wounded.
You hit the human.
The human looks weaker.
The human is moderately wounded.
You hear Xom's maniacal laughter.
The human hits you but does no damage.
You hit the human. Lightning courses through the human!!
The human is almost dead.
The sixfirhy completely misses you. The human barely misses you.
You barely miss the human.
The human is almost dead.
The sixfirhy hits you. The sixfirhy shocks you. You resist.
The sixfirhy hits you. The sixfirhy shocks you. You resist.
The shadow imp hits you but does no damage.
The sixfirhy hits you. The sixfirhy shocks you. You resist.
You block the red devil's attack. The human hits you but does no damage.
The iron imp hits you but does no damage.
As you read the scroll of butterflies, it crumbles to dust.
You hear the flapping of tiny wings.
The ufetubus is knocked back by the sudden gust.
The shadow imp is knocked back by the sudden gust.
The human is knocked back by the sudden gust.
The sixfirhy is knocked back by the sudden gust.
The iron imp is knocked back by the sudden gust.
The red devil is knocked back by the sudden gust.
The ufetubus misses your butterfly.
The ufetubus completely misses your butterfly.
The shadow imp hits your butterfly.
Your butterfly dies!
Your butterfly disappears in a burst of colours!
You swap places.
The red devil hits you from afar with a +0 demon trident!
Barbed spikes become lodged in your body.
The ufetubus completely misses something. x2
The human hits your butterfly with a +0 war axe!
Your butterfly dies!
Your butterfly disappears in a burst of colours!
The human misses something. x2
The human completely misses your butterfly.
The human hits your butterfly with a +0 war axe.
Your butterfly dies!
Your butterfly disappears in a burst of colours!
You swap places.
The barbed spikes dig painfully into your body as you move.
* * * LOW HITPOINT WARNING * * *
The red devil barely misses you. The human misses your butterfly.
The human hits your butterfly with a +0 war axe!
Your butterfly dies!
Your butterfly disappears in a burst of colours!
The human closely misses something.
Something completely misses your butterfly.
Something hits your butterfly.
Your butterfly dies!
Your butterfly disappears in a burst of colours!
It was a potion of attraction.
You feel attractive to monsters.
Xom thinks this is hilarious!
The sixfirhy hits you but does no damage.
The sixfirhy hits you.
* * * LOW HITPOINT WARNING * * *
The sixfirhy shocks you. You resist.
* * * LOW HITPOINT WARNING * * *
The sixfirhy hits you.
* * * LOW HITPOINT WARNING * * *
The sixfirhy shocks you. You resist.
* * * LOW HITPOINT WARNING * * *
The red devil hits you with a +0 demon trident!
* * * LOW HITPOINT WARNING * * *
More barbed spikes become lodged in your body.
The iron imp closely misses your butterfly.
The sixfirhy hits you.
* * * LOW HITPOINT WARNING * * *
The sixfirhy shocks you. You resist.
* * * LOW HITPOINT WARNING * * *
The ufetubus is attracted toward you. The iron imp is attracted toward you.
As you read the scroll labelled YTED YVAIWN, it crumbles to dust.
It is a scroll of identify.
d - 5 scrolls of teleportation The sixfirhy hits you.
* * * LOW HITPOINT WARNING * * *
The sixfirhy shocks you. You resist.
You die...

##...##
+..∩..#
######.....#
#+#...)Z..∩..#
#......##...##
#.....bb#####
≈ ######.b.#
~≈≈ #bb##b4#
....#5b#b@b#
~~..bb.#53.#
#5.§5b##
#...§## ######


You could see a sixfirhy (summoned), a red devil (summoned, ally target), an
iron imp (summoned, ally target) and an ufetubus (summoned).

Vanquished Creatures
  A hornet (D:7)
  Grinder (D:3)
  Prince Ribbit (D:7)
  A human (Bailey)
  Menkaure (D:4)
  Edmund (D:4)
  Duvessa (D:6)
  An orc warrior (D:4)
  2 sky beasts
  2 black bears (D:4)
  2 phantoms (D:5)
  Blork the orc (D:4)
  2 kobold brigands
  A bullfrog (D:7)
  A scorpion (D:6)
  Dowan (D:6)
  2 howler monkeys (D:7)
  4 bombardier beetles
  4 hounds
  2 jellies (D:7)
  3 gnoll boudas
  3 orc priests
  2 sleepcaps
  Ijyb (D:3)
  2 iguanas
  2 orc wizards
  6 adders
  10 gnolls
  2 shadow imps
  2 white imps
  2 dart slugs
  A ribbon worm (D:2)
  15 orcs
  6 ball pythons
  3 bats
  9 endoplasms
  3 giant cockroaches
  9 goblins
  6 hobgoblins
  6 jackals
  5 quokkas
  8 frilled lizards
  12 kobolds
  10 rats
160 creatures vanquished.

Vanquished Creatures (collateral kills)
  A kobold (D:4)
1 creature vanquished.

Vanquished Creatures (others)
  A hobgoblin zombie (Bailey)
1 creature vanquished.

Grand Total: 162 creatures vanquished

Notes
Turn   | Place    | Note
-------+----------+-------------------------------------------
     0 | D:1      | sleeves the Armataur Chaos Knight began the quest for the
                  | Orb.
     0 | D:1      | Reached XP level 1. HP: 18/18 MP: 1/1
    49 | D:1      | Reached skill level 3 in Long Blades
    63 | D:1      | XOM: silly message
    71 | D:1      | Reached XP level 2. HP: 25/25 MP: 2/2
   325 | D:1      | Reached XP level 3. HP: 22/30 MP: 3/3
   583 | D:1      | XOM: scenery: summon butterflies
   751 | D:2      | Reached skill level 4 in Long Blades
   973 | D:2      | XOM: 2-stop teleportation journey
  1145 | D:2      | Found a glowing golden altar of the Shining One.
  1619 | D:2      | XOM is BORED!
  1619 | D:2      | XOM: noise
  1712 | D:2      | XOM: god gift: staff of air {god gift}
  1797 | D:3      | Reached XP level 4. HP: 35/37 MP: 4/4
  2148 | D:3      | Found a faded altar of an unknown god.
  2313 | D:3      | Found a runed translucent door.
  2314 | D:3      | Noticed Crazy Yiuf
  2384 | D:3      | Noticed Grinder
  2397 | D:3      | HP: 16/37 [frilled lizard (3)]
  2397 | D:3      | HP: 3/37 [Grinder (6)]
  2408 | D:3      | Killed Grinder
  2409 | D:3      | Reached skill level 6 in Long Blades
  2409 | D:3      | Reached XP level 5. HP: 10/42 MP: 5/5
  2409 | D:3      | Reached XP level 6. HP: 12/50 MP: 6/6
  2482 | D:3      | XOM: scenery: create altars
  2525 | D:3      | XOM: 2-stop teleportation journey
  2826 | D:3      | Found a shimmering blue altar of Sif Muna.
  2834 | D:3      | Noticed Ijyb
  2835 | D:3      | Found a glowing golden altar of the Shining One.
  2845 | D:3      | HP: 21/50 [Ijyb/bolt of light (14)]
  2846 | D:3      | Killed Ijyb
  3062 | D:4      | Found a large runed translucent door.
  3062 | D:4      | Found a large runed translucent door.
  3071 | D:4      | HP: 25/50 [black bear (5)]
  3073 | D:4      | Reached skill level 7 in Long Blades
  3189 | D:4      | Noticed Menkaure
  3276 | D:4      | XOM: cast spell 'Fugue of the Fallen'
  3335 | D:4      | HP: 24/50 [Menkaure (19)]
  3336 | D:4      | Killed Menkaure
  3337 | D:4      | Gained mutation: You regenerate magic and health when
                  | rolling toward enemies. (Rampage Regen) [Armataur growth]
  3337 | D:4      | Reached XP level 7. HP: 27/56 MP: 7/7
  3414 | D:3      | XOM: scenery: 1 doors close
  3484 | D:4      | XOM: summons friendly ufetubus
  3494 | D:4      | Reached skill level 8 in Long Blades
  3633 | D:4      | Noticed Blork the orc
  3649 | D:4      | Noticed Juicyj's ghost (amateur DsSh)
  3681 | D:4      | Killed Blork the orc
  3684 | D:4      | XOM: divination: detect creatures
  3692 | D:4      | HP: 25/56 [burnt (6)]
  3836 | D:4      | HP: 21/56 [orc warrior/+0 mace (22)]
  3841 | D:4      | HP: 18/56 [orc/+0 short sword (2)]
  3999 | D:4      | XOM: 2-stop teleportation journey
  4101 | D:4      | Found an ornate altar of the Wu Jian Council.
  4101 | D:4      | Noticed Edmund
  4105 | D:4      | XOM: confuse monster(s)
  4109 | D:4      | XOM: blink monster(s)
  4138 | D:4      | HP: 28/56 [Edmund/+2 dire flail of protection (6)]
  4140 | D:4      | HP: 10/56 [Edmund/+2 dire flail of protection (11)]
  4141 | D:4      | XOM: divination: detect items
  4153 | D:4      | Killed Edmund
  4154 | D:4      | Reached skill level 9 in Long Blades
  4154 | D:4      | Reached XP level 8. HP: 24/62 MP: 8/8
  4316 | D:4      | You fall into a shaft and drop 2 floors!
  4321 | D:5      | Entered Level 5 of the Dungeon
  4403 | D:5      | XOM: scenery: create altars
  4590 | D:5      | XOM: butterfly on damage
  4614 | D:5      | HP: 21/62 [something/puff of flame (11)]
  4619 | D:5      | HP: 10/62 [orc priest/divine providence (13)]
  4714 | D:6      | XOM: cloud trail
  4724 | D:5      | XOM: confusion (+ monsters)
  4811 | D:5      | HP: 30/62 [orc wizard/+0 dagger (2)]
  4816 | D:5      | HP: 27/62 [orc wizard/+0 dagger (4)]
  4881 | D:5      | XOM: cloud trail
  4958 | D:5      | XOM: smoke on damage
  5209 | D:5      | Identified the +1 pair of gloves of the Solstice {rElec
                  | Regen+ rCorr SInv}
  5296 | D:5      | XOM: enchant monster (bad)
  5583 | D:6      | Noticed Duvessa
  5583 | D:6      | Noticed Dowan
  5589 | D:6      | XOM: divination: magic mapping
  5595 | D:6      | Reached skill level 10 in Long Blades
  5601 | D:6      | Killed Duvessa
  5604 | D:6      | Killed Dowan
  5605 | D:6      | XOM: god gift: pair of boots {god gift}
  5658 | D:6      | XOM: cloud trail
  5811 | D:6      | Found a staircase to the Ecumenical Temple.
  5834 | D:6      | Found a runed translucent door.
  5853 | D:6      | Noticed gosagan's ghost (novice DEAl)
  6234 | D:6      | XOM: silly message
  6388 | D:7      | XOM: silly message
  6399 | D:7      | Reached skill level 3 in Fighting
  6399 | D:7      | Reached skill level 3 in Armour
  6425 | D:7      | Reached XP level 9. HP: 69/69 MP: 9/9
  6472 | D:7      | HP: 33/69 [hornet (3)]
  6477 | D:7      | Reached skill level 11 in Long Blades
  6477 | D:7      | HP: 19/105 [poisoned by a hornet]
  6566 | D:7      | XOM: potion effect (might)
  6634 | D:7      | Reached skill level 4 in Armour
  6642 | D:7      | XOM: silly message
  6756 | D:7      | XOM: silly message
  6899 | D:7      | Noticed Prince Ribbit
  6910 | D:7      | Killed Prince Ribbit
  6911 | D:7      | Reached skill level 4 in Fighting
  7088 | D:7      | XOM: divination: detect items
  7147 | D:8      | XOM: noise
  7390 | D:8      | XOM: 1-stop teleportation journey
  7439 | D:8      | Reached skill level 5 in Armour
  7537 | D:8      | Found a flagged portal.
  7553 | Bailey   | Entered a bailey
  7563 | Bailey   | Reached skill level 1 in Shields
  7582 | Bailey   | XOM: summons 5 hostile demons
  7583 | Bailey   | Noticed a sixfirhy
  7583 | Bailey   | Noticed a red devil
  7587 | Bailey   | HP: 35/72 [barbs]
  7588 | Bailey   | HP: 14/72 [red devil/+0 demon trident[Xom] (9)]
  7588 | Bailey   | HP: 5/72 [sixfirhy[Xom] (4)]
  7589 | Bailey   | HP: 1/72 [sixfirhy[Xom] (5)]
  7589 | Bailey   | Slain by a sixfirhy

Illustrated notes

Levels and vault maps discovered:
D:1:      matt_arrival_diagonals, layout_loops_ring, serial_glass,
          glass_columns_a, glass_columns_b, kennysheep_flooded_box
D:2:      layout_basic, basic_altar, serial_rivers,
          chequers_serial_rivers_micro_d, chequers_serial_rivers_small_3,
          chequers_serial_rivers_small_3, chequers_serial_rivers_micro_c,
          chequers_serial_rivers_small_3, chequers_serial_rivers_large_b,
          minivault_11, eino_curves_04, kennysheep_generic_room_9
D:3:      layout_loops_corners, mainiacjoe_overflow_swirl,
          hellmonk_ecumenical_altar_inner_sanctum, uniq_grinder,
          uniq_crazy_yiuf_cottage, uniq_ijyb
D:4:      layout_cave_pools, nicolae_wu_jian_glorious_leap,
          ebering_ghost_disaster_area, grunt_decor_fettered, uniq_menkaure,
          uniq_edmund, uniq_blork_the_orc, uniq_sigmund
D:5:      layout_basic, grunt_ministairs_3, minmay_misc_feat_secret_circle
D:6:      layout_basic, minmay_temple_entry_antechambers,
          hellmonk_ghost_happy_afterlife, uniq_duvessa
D:7:      layout_loops_ring, uniq_prince_ribbit1
D:8:      layout_gridville, david_lair_generic, enter_bailey_5,
          nicolae_eternal_life
Bailey:   bailey_axe_froggy_fort_hellmonk, bailey

Skill      XL: |  1  2  3  4  5  6  7  8  9 |
---------------+----------------------------+-----
Long Blades    | 3 4 6 7 9 10 11 | 11.3
Fighting       | 3 4 |  4.4
Armour         | 3 5 |  5.2
Shields        | 1 |  1.4
Dodging        | |  0.6

Action                     |  1- 3 |  4- 6 |  7- 9 || total
---------------------------+-------+-------+-------++-------
  Melee: Falchion          |   141 |    79 |   452 ||   672
         Tailslap          |    15 |     8 |    75 ||    98
  Throw: Dart              |       |       |     1 ||     1
  Evoke: Wand              |       |     3 |       ||     3
    Use: Potion            |       |     2 |     2 ||     4
         Scroll            |       |       |     2 ||     2
   Stab: Invisible         |       |     5 |       ||     5
         Confused          |       |     1 |     2 ||     3
         Petrified         |       |       |     8 ||     8
         Petrifying        |       |       |     2 ||     2
 Armour: Leather armour    |    77 |    64 |   276 ||   417
         Skin              |       |     4 |     4 ||     8
  Dodge: Dodged            |    45 |    33 |   138 ||   216
  Block: Buckler           |       |       |    11 ||    11

Table legend: (Time is in decaauts)
 A = Elapsed time spent in this place.
 B = Non-inter-level travel time spent in this place.
 C = Inter-level travel time spent in this place.
 D = Time resting spent in this place.
 E = Time spent auto-exploring this place.
 F = Levels seen in this place.
 G = Mean time per level.
                   A        B        C        D        E       F      G
               +--------+--------+--------+--------+--------+-----+--------+
         Total |   7527 |   6910 |    617 |    663 |   4966 |   9 |  836.3 |
       Dungeon |   7496 |   6879 |    617 |    663 |   4956 |   8 |  937.0 |
        Bailey |     31 |     31 |      0 |      0 |     10 |   1 |   31.0 |
               +--------+--------+--------+--------+--------+-----+--------+

Top non-repeatable levels by time:
     D:3: 1771 daAuts
     D:5: 1081 daAuts
     D:2: 1038 daAuts
     D:6: 907 daAuts
     D:7: 827 daAuts
     D:4: 781 daAuts
     D:1: 739 daAuts
     D:8: 348 daAuts
  Bailey: 31 daAuts
